cohdb
Replays
Latest Replays
All Replays
Popular Replays
Top Player Replays
Match Explorer
How It Works
Community
CoH3 Stats
Reddit
Sign in to upload your games and track your stats! →
Sign in with Steam
Match 42366112
Unlisted
Match 42366112
Overview
Messages
Build Orders
End
Vickers Machine Gun Team
Construct Section Command Post
Infantry Section
Infantry Section
Infantry Section
Selects Canadian Shock Battlegroup
Selects Incendiary Munitions
Construct Field Infirmary
Grenade Package
Construct Platoon Command Post
Selects Pyrotechnics
Humber Armored Car
6-pounder Anti-tank Gun Team
Construct Company Command Post
Foot Guards Section
Foot Guards Section
Selects Churchill Crocodile Heavy Tank
Churchill Crocodile Heavy Tank
Selects Attacking Spirit
Selects Canadian Shock Section
Foot Guards Section
bigmac
Altair
asheswin
夜上鲭楼
simranjitsingh713
Riceriee
0
0
Comments
sign in to comment!
No comments posted yet!